 Dungeon Crawl Stone Soup version 0.30-b1-2-g02819fbbbe (webtiles) character file.

Game seed: 15472294190199258280

205 MajorAdolf the Sneak (level 5, -2/42 HPs)
             Began as a Naga Wanderer on Sept 20, 2023.
             Was an Initiate of Gozag.
             Constricted to death by Edmund (6 damage)
             ... on level 4 of the Dungeon.
             The game lasted 00:08:03 (3133 turns).

MajorAdolf the Sneak (Naga Wanderer)                Turns: 3133, Time: 00:08:04

Health: -2/42      AC:  2    Str: 10    XL:     5   Next: 83%
Magic:  2/8        EV: 14    Int: 18    God:    Gozag
Gold:   183        SH:  0    Dex: 16    Spells: 5/8 levels left

rFire   . .          .
                       - Unarmed
rCold   + . .        (shield currently unavailable)
rNeg    . . .        c - melded +0 robe
rPois   x            w - melded +0 helmet
rElec   .            u - melded scarf {shadows}
rCorr   +            s - melded +1 pair of gloves
SInv    +            (no barding)
Will    .....        (no amulet)
Stlth   +++          j - ring of resist corrosion
HPRegen 0.27/turn    v - ring of protection from cold
MPRegen 0.11/turn

%: no passive effects
@: brilliant, spider-form, grasped by roots, very slightly contaminated,
constricted
A: venomous fangs, AC +1, tiny, see invisible, (deformed body), (poison
resistance), (slowness 2), spit poison 1, (naga tail 1)
a: Spit Poison, End Transformation, Renounce Religion, Potion Petition, Call
Merchant, Bribe Branch


You were on level 4 of the Dungeon.
You worshipped Gozag.
Gozag was aware of your devotion.
You were a venomous arachnid creature.
You visited 1 branch of the dungeon, and saw 4 of its levels.

You collected 226 gold pieces.
You paid 43 gold pieces to Gozag.

Inventory:

Hand Weapons
 x - a +0 dagger of venom
 z - a +2 short sword of freezing
Missiles
 k - 7 poisoned darts
Armour
 c - a +0 robe (melded)
 d - a +0 cloak
 s - a +1 pair of gloves (melded)
 u - a scarf of shadows (melded)
 w - a +0 helmet (melded)
Jewellery
 j - a ring of resist corrosion (left front pincers)
 v - a ring of protection from cold (right front pincers)
Scrolls
 b - a scroll of fear
 e - a scroll of silence {unknown}
 f - a scroll of teleportation {unknown}
 g - 2 scrolls of fog {unknown}
 h - a scroll of vulnerability {unknown}
 m - 2 scrolls of acquirement {unknown}
 n - a scroll of poison {unknown}
 o - a scroll of enchant armour {unknown}
 p - 4 scrolls of identify {unknown}
 t - a scroll of blinking {unknown}
 y - a scroll of butterflies {unknown}
Potions
 i - a potion of degeneration {unknown}
 l - 2 potions of heal wounds {unknown}
 q - a potion of resistance {unknown}
 r - a potion of lignification {unknown}
 A - a potion of invisibility {unknown}
 B - a potion of flight {unknown}


   Skills:
 - Level 1.0 Armour
 + Level 4.7 Stealth
 + Level 2.8 Unarmed Combat
 - Level 2.0 Spellcasting
 - Level 2.0 Translocations
 + Level 3.6 Transmutations
 + Level 3.8 Poison Magic


You had 5 spell levels left.
You knew the following spells:

 Your Spells              Type           Power      Damage    Failure   Level
a - Spider Form           Tmut/Pois      22%        N/A       28%         3

Your spell library contained the following spells:

 Spells                   Type           Power      Damage    Failure   Level
 Beastly Appendage        Tmut           44%        N/A       13%         1
 Apportation              Tloc           26%        N/A       21%         1
 Vhi's Electric Charge    Tloc/Air       16%        N/A       56%         3
 Ozocubu's Armour         Ice            2%         N/A       69%         3
 Ice Form                 Ice/Tmut       12%        N/A       82%         4
 Blade Hands              Tmut           11%        N/A       88%         5
 Animate Armour           Summ/Erth      4%         N/A       96%         4
 Leda's Liquefaction      Hex/Erth       1%         N/A       96%         4
 Lee's Rapid Deconstruct  Erth           1%         3d4*      100%        5
 Iron Shot                Conj/Erth      1%         9d1       100%        6
 Statue Form              Tmut/Erth      8%         N/A       100%        6
 Ozocubu's Refrigeration  Ice            1%         4d7       100%        7


Dungeon Overview and Level Annotations

Branches:
Dungeon (4/15)
 Temple: D:4-7

Altars:
Cheibriados
Gozag
Makhleb
Trog

Shops:
D:1 [

Annotations:
D:4 Edmund


Innate Abilities, Weirdness & Mutations

You are a venomous arachnid creature.
You have venomous fangs.
You are tiny and dextrous.
Your spellcasting is less reliable in this form.
Your armour is entirely melded.
You are incapable of wielding weapons or throwing items.
((Your serpentine skin is tough. (AC +1)))
You have supernaturally acute eyesight. (SInv)
((Armour fits poorly on your strangely shaped body.))
((Your system is resistant to poisons. (rPois)))
((You cover ground very slowly.))
You can spit poison.
((You have a snake-like lower body.))


Message History

Edmund the Younger comes into view.
He is wielding a +1 dire flail of protection and carrying a wand of roots (7).
Edmund shouts!
Edmund zaps a wand.
The roots erupt in riotous growth!
The grasping roots grab you! The grasping roots constrict you.
Casting: Spider Form (dangerous; 12% risk of failure)
Confirm with . or Enter, or press ? or * to list all spells.
You miscast Spider Form.
You are very lightly contaminated with residual magic.
Nothing appears to happen.
The grasping roots constrict you.
Unknown command.
Unknown command.
Casting: Spider Form (dangerous; 12% risk of failure)
Confirm with . or Enter, or press ? or * to list all spells.
You turn into a venomous arachnid creature.
Your scarf of shadows melds into your body.
Your +0 helmet melds into your body.
Your +1 pair of gloves melds into your body.
Your +0 robe melds into your body.
The dungeon's light returns to normal.
The grasping roots constrict you!
The grasping roots release their grip on you.
You hit Edmund but do no damage.
Edmund zaps a wand.
The roots erupt in riotous growth!
The grasping roots grab you!
Edmund is unaffected.
The grasping roots constrict you.
You completely miss Edmund.
Edmund hits you with a +1 dire flail of protection!
* * * LOW HITPOINT WARNING * * *
The grasping roots constrict you.
* * * LOW HITPOINT WARNING * * *
Unknown command.
You hit Edmund but do no damage.
Edmund is poisoned.
Edmund barely misses you. The grasping roots constrict you.
* * * LOW HITPOINT WARNING * * *
Unknown command.
It was a potion of brilliance.
You feel clever all of a sudden. Edmund misses you.
The grasping roots constrict you.
You die...
Your body crumbles into a pile of gold.

#.. #......## #.# #.. #. ####.<##
#.# #+#####.# .######..# #.#
.....##.# ..#......# #.#
.....##.# .......<.## #.#
......'.#### #.###.....## ##.##
......##...#####.###......###..#.
.......#.#'#...#@##....#.........
.....#####......s#####.#######...
...#'#.#...........#.#'# ##..
####...##.........##...### ###
.#......+.........'......#
.#......##.......##......#
.#.......#.......#..^....###
.'.......####'####.......'.# ##
.#.......#.......#.......#.# #.
.#......##.......##......#.# #.


You could see Edmund (very poisoned).

Vanquished Creatures
  An orc priest (D:3)
  An orc wizard (D:3)
  A gnoll (D:1)
  7 adders
  4 dart slugs
  7 orcs
  4 bats
  5 endoplasms
  4 giant cockroaches
  3 goblins
  2 hobgoblins
  12 jackals
  3 kobolds
  A quokka (D:1)
  3 ball pythons
  A frilled lizard (D:1)
  7 rats
66 creatures vanquished.

Vanquished Creatures (others)
  2 plants (D:1)
2 creatures vanquished.

Grand Total: 68 creatures vanquished

Notes
Turn   | Place    | Note
-------+----------+-------------------------------------------
     0 | D:1      | MajorAdolf the Naga Wanderer began the quest for the Orb.
     0 | D:1      | MajorAdolf set off with the following items: a +0 dagger, a
                  | scroll of fear, a +0 robe, a +0 cloak; and the following
                  | spells available to memorise: Apportation, Beastly
                  | Appendage, Spider Form, Vhi's Electric Charge, Ice Form.
     0 | D:1      | Reached XP level 1. HP: 15/15 MP: 3/3
    95 | D:1      | Found Kaakline's Armour Boutique.
   141 | D:1      | Reached skill level 1 in Poison Magic
   141 | D:1      | Reached XP level 2. HP: 22/22 MP: 5/5
   213 | D:1      | Reached skill level 1 in Unarmed Combat
   322 | D:1      | Reached XP level 3. HP: 28/28 MP: 6/6
   327 | D:1      | Learned a level 3 spell: Spider Form
  1042 | D:2      | Reached XP level 4. HP: 34/36 MP: 0/7
  1525 | D:3      | Found a burning altar of Makhleb.
  1755 | D:3      | Found Zigut Mai's Armour Boutique.
  1791 | D:3      | Reached XP level 5. HP: 24/42 MP: 5/8
  2189 | D:3      | Found a bloodstained altar of Trog.
  2189 | D:3      | Found a snail-covered altar of Cheibriados.
  2189 | D:3      | Found an opulent altar of Gozag.
  2458 | D:3      | Became a worshipper of Gozag Ym Sagoz the Greedy
  3127 | D:4      | Noticed Edmund
  3133 | D:4      | Constricted to death by Edmund

Illustrated notes

Levels and vault maps discovered:
D:1:      eino_arrival_cavern_d, layout_rooms, serial_shops,
          nicolae_square_shop, serial_park_tiny_pond, nicolae_grassy_gnolls
D:2:      layout_loops_cross
D:3:      layout_basic, bloody_makhleb, gammafunk_temple_overflow_claw,
          serial_shops, nicolae_shop_tiny_real_fake_doors
D:4:      nicolae_cairo_tiling_very_big, layout_layer_cave,
          gammafunk_ghost_nasty_kobolds, chequers_serial_rivers_large_b,
          uniq_edmund

Skill      XL: |  1  2  3  4 |
---------------+-------------+-----
Poison Magic   | 1 2 3 |  3.8
Unarmed Combat | 1 2 |  2.8
Transmutations | 3 |  3.6
Armour         | |  1.0
Stealth        | |  4.7
Spellcasting   | |  2.0
Translocations | |  2.0

Action                     |  1- 3 |  4- 6 || total
---------------------------+-------+-------++-------
  Melee: Dagger            |     3 |       ||     3
         Unarmed           |    30 |    40 ||    70
         Punch             |       |     1 ||     1
   Cast: Spider Form       |     8 |     5 ||    13
Ability: Spit Poison       |    25 |    29 ||    54
    Use: Potion            |       |     1 ||     1
   Stab: Sleeping          |     4 |       ||     4
 Armour: Robe              |     1 |    29 ||    30
         Skin              |     1 |     5 ||     6
  Dodge: Dodged            |    19 |    53 ||    72
